 Dungeon Crawl Stone Soup version 0.31.0-32-g396128a36d (webtiles) character file.

Game seed: 17910145656466273306

5676 snok the Grappler (level 10, -1/80 HPs)
             Began as a Demonspawn Shapeshifter on Mar 31, 2024.
             Was an Initiate of Gozag.
             Succumbed to Erica's bolt of poison
             ... on level 9 of the Dungeon.
             The game lasted 00:25:00 (9405 turns).

snok the Grappler (Demonspawn Shapeshifter)         Turns: 9405, Time: 00:25:01

Health: -1/80      AC: 11    Str: 18    XL:     10   Next: 47%
Magic:  10/10      EV: 13    Int: 11    God:    Gozag
Gold:   1044       SH:  0    Dex: 17    Spells: 9/9 levels left

rFire   . .          .
                       - Unarmed
rCold   . . .        (no shield)
rNeg    . . .        b - +2 chain mail
rPois   .            (helmet currently unavailable)
rElec   .            (cloak currently unavailable)
rCorr   .            (gloves currently unavailable)
SInv    .            (boots currently unavailable)
Will    +....        (no amulet)
Stlth   +            t - ring of willpower
HPRegen 0.33/turn    w - +5 ring of evasion
MPRegen 0.12/turn

%: no passive effects
@: lethally poisoned (-1 -> -29), beast-form
A: beast (slay +4), thin skeletal structure 2, foul stench 2, weakness stinger 1
a: Begin Untransformation, Renounce Religion, Potion Petition, Call Merchant,
Bribe Branch


You were on level 9 of the Dungeon.
You worshipped Gozag.
Gozag was most pleased with you.
You were a hulking beast.
You visited 2 branches of the dungeon, and saw 10 of its levels.
You also visited: Ossuary.

You collected 1125 gold pieces.
You paid 81 gold pieces to Gozag.

Inventory:

Armour
 b - a +2 chain mail (worn)
 f - a +0 cloak
 j - a +2 pair of boots
 v - the +3 scale mail of Insurance {rElec rN+ Str+3 Stlth-}
   (You found it on level 6 of the Dungeon)

   Str+3:     It affects your strength (+3).
   rElec:     It insulates you from electricity.
   rN+:       It protects you from negative energy.
   Stlth-:    It makes you less stealthy.
 C - a +1 helmet
Jewellery
 t - a ring of willpower (left hand)
 w - a +5 ring of evasion (right hand)
 y - a ring of flight
 E - a ring of poison resistance
 F - a +6 ring of intelligence
Talismans
 c - a beast talisman (active)
 d - a flux talisman
Wands
 s - a wand of flame (15)
 D - a wand of charming (8)
Scrolls
 a - 3 scrolls of poison
 e - a scroll of revelation
 g - 7 scrolls of identify
 k - a scroll of blinking
 l - 2 scrolls of teleportation
 m - a scroll of fear {unknown}
 n - 4 scrolls of immolation {unknown}
 u - 2 scrolls of fog {unknown}
Potions
 h - a potion of mutation
 i - a potion of heal wounds
 o - a potion of curing {unknown}
 p - a potion of lignification
 q - 3 potions of attraction
 r - 2 potions of degeneration {unknown}
 x - 2 potions of enlightenment {unknown}
 z - 3 potions of brilliance {unknown}
 B - a potion of haste {unknown}
Miscellaneous
 A - a phantom mirror


   Skills:
 + Level 7.7 Fighting
 - Level 3.2 Armour
 - Level 2.0 Dodging
 - Level 0.4 Stealth
 + Level 9.8 Unarmed Combat
 + Level 7.5 Shapeshifting


You had 9 spell levels left.
You didn't know any spells.
Your spell library contained the following spells:

 Spells                   Type           Power      Damage    Failure   Level
 Magic Dart               Conj           0%         1d3       97%         1
 Necrotise                Necr           0%         1d4       97%         1
 Blink                    Tloc           0%         N/A       99%         2
 Call Imp                 Summ           0%         N/A       99%         2
 Ensorcelled Hibernation  Hex/Ice        0%         N/A       99%         2
 Static Discharge         Conj/Air       0%         3-3/arc   99%         2
 Hailstorm                Conj/Ice       0%         3d5       100%        3
 Passwall                 Erth           0%         N/A       100%        3
 Summon Ice Beast         Ice/Summ       0%         N/A       100%        3
 Swiftness                Air            0%         N/A       100%        3
 Vampiric Draining        Necr           0%         2d6       100%        3
 Airstrike                Air            0%         2d(0-16)  100%        4
 Martyr's Knell           Necr/Summ      0%         N/A       100%        4
 Summon Lightning Spire   Summ/Air       0%         N/A       100%        4
 Borgnjor's Vile Clutch   Necr/Erth      0%         N/A       100%        5
 Curse of Agony           Necr           0%         N/A       100%        5
 Death Channel            Necr           0%         N/A       100%        6
 Sculpt Simulacrum        Ice/Alch       0%         N/A       100%        6
 Animate Dead             Necr           Unusable   N/A       N/A         4

Dungeon Overview and Level Annotations

Branches:
Dungeon (9/15)             Temple (1/1) D:4         Ossuary (visited)
   Lair: D:8-11         Orc: D:9-12

Altars:
Ashenzari
Cheibriados
Dithmenos
Fedhas
Gozag
Hepliaklqana
Kikubaaqudgha
Nemelex Xobeh
Ru
Sif Muna
Trog
Vehumet
Wu Jian
Xom

Shops:
D:5 :   D:6 :

Annotations:
D:9 Erica


Innate Abilities, Weirdness & Mutations

You are a hulking beast.
Your limbs bulge with bestial killing power. (Slay +4)
You have a moderately thin skeletal structure. (Dex +4, Stealth++)
You sometimes emit foul miasma when damaged in melee.
You have a small tail.


Message History

Erica is lightly wounded.
You miss Erica.
Erica is lightly wounded.
Erica casts a spell.
Erica flickers and vanishes!
Deactivating autopickup; reactivate with Ctrl-A.
You pummel something!! Something hits you but does no damage.
Something grabs you.
You are constricted.
You hit something.
Your tail-slap misses something.
You hear some strange, mumbled words.
A bolt of poison appears from out of thin air!
The bolt of poison hits you!
You are poisoned.
You are constricted.
You barely miss something.
You feel very sick. Something hits you. Something burns you.
You are constricted.
You miss something.
You feel very sick. Something hits you! Something burns you.
You are constricted.
You miss something.
Your tail-slap misses something.
You feel very sick.
You barely miss something.
Your tail-slap misses something.
You feel sick.
You hear some strange, mumbled words.
A bolt of poison appears from out of thin air!
The bolt of poison misses you.
You are constricted.
You hit something.
You feel sick.
You hear some strange, mumbled words.
A bolt of poison appears from out of thin air!
The bolt of poison hits you!!
You are more poisoned.
* * * LOW HITPOINT WARNING * * *
You are constricted.
* * * LOW HITPOINT WARNING * * *
Blink to where?
Press: ? - help, Dir - move target You escape Erica's grasp.
As you read the scroll of blinking, it crumbles to dust.
You die...
Your body crumbles into a pile of gold.

#..# 8..#
#..# #..#
##..# ⌠..#
#..# #h.#
##..# 8..#
##..# #..#
##..#
#8..#####
#..§{o.#
#..###.....


There were no monsters in sight!

Vanquished Creatures
  2 two-headed ogres (D:7)
  Pikel (D:7)
  Grinder (D:6)
  Sigmund (D:6)
  A vampire (D:7)
  Eustachio (D:6)
  2 water moccasins
  Duvessa (D:6)
  An orc warrior (D:8)
  An ice beast (D:7)
  5 ogres
  2 boggarts (D:7)
  A centaur (D:5)
  2 lemures (D:7)
  2 phantoms
  A kobold brigand (D:8)
  An elf zombie (Ossuary)
  2 bullfrogs
  4 scorpions
  3 wights (D:7)
  Dowan (D:6)
  4 killer bees (D:8)
  7 bombardier beetles
  A jelly (D:6)
  4 orc priests
  6 hounds
  A gnoll bouda (D:8)
  A sleepcap (D:6)
  Terence (D:1)
  An iguana (D:7)
  5 orc wizards
  5 scorpion zombies (Ossuary)
  3 mummies (Ossuary)
  7 gnolls
  11 adders
  A shadow imp (D:7)
  A white imp (D:7)
  4 ufetubi
  2 adder zombies (Ossuary)
  2 ribbon worms
  26 orcs
  7 ball pythons
  5 endoplasms
  2 giant cockroaches
  5 gnoll zombies (Ossuary)
  8 hobgoblins
  8 quokkas
  2 bats
  2 frilled lizards
  6 goblins
  2 jackal zombies (Ossuary)
  9 kobolds
  2 kobold zombies (Ossuary)
  4 rats
  A rat zombie (D:4)
192 creatures vanquished.

Notes
Turn   | Place    | Note
-------+----------+-------------------------------------------
     0 | D:1      | snok the Demonspawn Shapeshifter began the quest for the
                  | Orb.
     0 | D:1      | Reached XP level 1. HP: 15/15 MP: 1/1
   297 | D:1      | Reached skill level 3 in Unarmed Combat
   309 | D:1      | Gained mutation: You have a somewhat thin skeletal
                  | structure. (Dex +2, Stealth+) [demonic ancestry]
   309 | D:1      | Reached XP level 2. HP: 10/21 MP: 2/2
  1059 | D:2      | Noticed Terence
  1085 | D:1      | Killed Terence
  1086 | D:1      | Reached XP level 3. HP: 8/26 MP: 3/3
  1645 | D:2      | Gained mutation: You may rarely emit foul miasma when
                  | damaged in melee. [demonic ancestry]
  1645 | D:2      | Reached XP level 4. HP: 32/32 MP: 4/4
  2181 | D:3      | Reached skill level 4 in Unarmed Combat
  2440 | D:3      | Reached XP level 5. HP: 24/37 MP: 5/5
  2810 | D:4      | Found a sand-covered staircase.
  2818 | Ossuary  | Entered an ossuary
  2828 | Ossuary  | Reached skill level 1 in Armour
  2974 | Ossuary  | Reached skill level 5 in Unarmed Combat
  3109 | Ossuary  | Gained mutation: You have a moderately thin skeletal
                  | structure. (Dex +4, Stealth++) [demonic ancestry]
  3109 | Ossuary  | Reached XP level 6. HP: 41/43 MP: 6/6
  3443 | Ossuary  | Reached XP level 7. HP: 45/49 MP: 7/7
  3676 | D:4      | Found a staircase to the Ecumenical Temple.
  3699 | Temple   | Entered the Ecumenical Temple
  3703 | Temple   | Reached skill level 6 in Unarmed Combat
  3873 | Temple   | Became a worshipper of Gozag Ym Sagoz the Greedy
  4247 | D:5      | Entered Level 5 of the Dungeon
  4441 | D:5      | Found Muazyt's Tiny Tomes.
  4442 | D:5      | Found a shimmering altar of Xom.
  4779 | D:5      | Reached skill level 7 in Unarmed Combat
  4816 | D:5      | Reached XP level 8. HP: 38/56 MP: 8/8
  5650 | D:6      | Identified the +3 scale mail of Insurance {rElec rN+ Str+3
                  | Stlth-}
  5868 | D:6      | Noticed Duvessa
  5870 | D:6      | Noticed Dowan
  5872 | D:6      | Noticed Grinder
  5880 | D:6      | Reached skill level 5 in Shapeshifting
  5886 | D:6      | Killed Duvessa
  5895 | D:6      | Paralysed by Grinder for 4 turns
  5905 | D:6      | Killed Grinder
  5948 | D:6      | Killed Dowan
  5949 | D:6      | Reached skill level 8 in Unarmed Combat
  5949 | D:6      | Gained mutation: You have a small tail. [demonic ancestry]
  5949 | D:6      | Reached XP level 9. HP: 36/66 MP: 9/9
  6095 | D:6      | Noticed Sigmund
  6100 | D:6      | Killed Sigmund
  6262 | D:6      | Found Ablemia's Book Shoppe.
  6267 | D:6      | Noticed Eustachio
  6452 | D:6      | Reached skill level 5 in Fighting
  6548 | D:6      | Killed Eustachio
  6941 | D:7      | HP: 3/69 [vampire (6)]
  7240 | D:7      | You fall into a shaft and drop 1 floor!
  7309 | D:8      | Reached skill level 9 in Unarmed Combat
  7712 | D:7      | Noticed Pikel
  7725 | D:7      | Killed Pikel
  7726 | D:7      | Gained mutation: You sometimes emit foul miasma when
                  | damaged in melee. [demonic ancestry]
  7726 | D:7      | Reached XP level 10. HP: 43/77 MP: 10/10
  7892 | D:7      | Noticed a two-headed ogre
  7892 | D:7      | Noticed a two-headed ogre
  7906 | D:7      | Killed a two-headed ogre
  7909 | D:7      | Killed a two-headed ogre
  8955 | D:8      | Found a blossoming altar of Fedhas.
  9309 | D:9      | Noticed Erica
  9405 | D:9      | Succumbed to Erica's bolt of poison

Illustrated notes

Levels and vault maps discovered:
D:1:      minmay_arrival_four_loops, layout_loops_ring, chequers_jeans
D:2:      layout_basic, minmay_hedge_maze, uniq_terence
D:3:      layout_rooms
D:4:      layout_basic, minmay_temple_entry_trees, enter_ossuary_3,
          gup_sewer_entry_bowl
D:5:      layout_cave_pods, overflow_temple_1_default,
          nicolae_shop_i_like_small_books_too
D:6:      layout_rooms, kennysheep_small_square, uniq_grinder, uniq_sigmund,
          uniq_eustachio, uniq_duvessa
D:7:      layout_gridville, grunt_ministairs_10, nicolae_phantomly_mirrored,
          uniq_pikel
D:8:      layout_basic, mainiacjoe_overflow_alcove_4,
          kennysheep_cross_bottleneck
D:9:      minmay_chambers_of_sevens, layout_basic,
          nicolae_overflow_macrodata_refinement, orc_0_dummy,
          serial_corexii_hall, chequers_hall_statues_y,
          chequers_hall_statues_wall_a, serial_shops,
          nicolae_shop_advertising_works [nicolae_subvault_shop_adworks],
          uniq_erica, uniq_erolcha
Temple:   regret_index_temple_waves

Skill      XL: |  1  2  3  4  5  6  7  8  9 10 |
---------------+-------------------------------+-----
Unarmed Combat | 3 4 5 7 8 9 |  9.8
Shapeshifting  | 3 4 5 6 7 |  7.5
Armour         | 1 2 3 |  3.2
Fighting       | 2 4 6 7 |  7.7
Dodging        | 2 |  2.0
Stealth        | |  0.4

Action                     |  1- 3 |  4- 6 |  7- 9 | 10-12 || total
---------------------------+-------+-------+-------+-------++-------
  Melee: Unarmed           |   111 |   232 |   354 |    66 ||   763
         Punch             |       |     5 |    24 |     5 ||    34
         Tailslap          |       |       |    21 |    15 ||    36
    Use: Potion            |     1 |       |     3 |       ||     4
         Scroll            |       |     4 |     5 |     1 ||    10
   Stab: Sleeping          |     1 |       |     1 |       ||     2
         Distracted        |       |       |       |     1 ||     1
 Armour: Animal skin       |    29 |       |       |       ||    29
         Skin              |     9 |       |    16 |       ||    25
         Chain mail        |    43 |   157 |   230 |    54 ||   484
  Dodge: Dodged            |    42 |    56 |   128 |    47 ||   273
   Form: Beast             |     1 |       |       |       ||     1
